 Dungeon Crawl Stone Soup version 0.31-a0-196-g86fe4a5e66 (webtiles) character file.

Game seed: 17925677713668724418

53 innerfire43 the Chopper (level 3, -7/29 HPs)
             Began as a Demonspawn Monk on June 24, 2023.
             Was a Believer of Kikubaaqudgha.
             Mangled by Terence
             ... wielding a +0 hand axe of electrocution
              (13 damage)
             ... on level 3 of the Dungeon.
             The game lasted 00:01:47 (1526 turns).

innerfire43 the Chopper (Demonspawn Monk)           Turns: 1526, Time: 00:01:47

Health: -7/29      AC:  4    Str: 13    XL:     3   Next: 62%
Magic:  3/3        EV: 13    Int: 11    God:    Kikubaaqudgha [**....]
Gold:   65         SH:  0    Dex: 15    Spells: 2/2 levels left

rFire   . . .        a - +0 hand axe
rCold   . . .        d - orb {light}
rNeg    . . .        b - +0 robe
rPois   .            (no helmet)
rElec   .            (no cloak)
rCorr   .            h - +0 pair of gloves
SInv    .            (no boots)
Will    .....        (no amulet)
Stlth   +            (no ring)
HPRegen 0.24/turn    (no ring)
MPRegen 0.08/turn

%: no passive effects
@: glowing
A: rugged brown scales 1
a: Renounce Religion, Unearth Wretches


You were on level 3 of the Dungeon.
You worshipped Kikubaaqudgha.
Kikubaaqudgha was pleased with you.
You visited 1 branch of the dungeon, and saw 3 of its levels.

You collected 65 gold pieces.

Inventory:

Hand Weapons
 a - a +0 hand axe (weapon)
Armour
 b - a +0 robe (worn)
 d - an orb of light (worn)
 h - a +0 pair of gloves (worn)
Potions
 c - 2 potions of ambrosia
 e - 2 potions of attraction
 f - a potion of magic {unknown}
 j - a potion of might {unknown}


   Skills:
 + Level 3.4 Fighting
 * Level 3.5 Axes
 + Level 3.1 Dodging


You had 2 spell levels left.
You didn't know any spells.
Your spell library contained the following spells:

 Spells                   Type           Power      Damage    Failure   Level
 Beastly Appendage        Tmut           0%         N/A       34%         1
 Kiss of Death            Conj/Necr      0%         2d5       34%         1
 Necrotise                Necr           0%         1d4       34%         1
 Ensorcelled Hibernation  Hex/Ice        0%         N/A       47%         2
 Sublimation of Blood     Necr           0%         N/A       47%         2
 Wereblood                Tmut           0%         N/A       47%         2
 Spider Form              Tmut/Pois      0%         N/A       71%         3
 Vampiric Draining        Necr           0%         2d6       71%         3
 Anguish                  Hex/Necr       0%         N/A       98%         4


Dungeon Overview and Level Annotations

Branches:
Dungeon (3/15)

Altars:
Kikubaaqudgha

Shops:
D:2 ?

Annotations:
D:3 Terence


Innate Abilities, Weirdness & Mutations

You are partially covered in rugged brown scales. (AC +1, +3% HP)


Message History

Blink to where?
Press: ? - help, Dir - move target
Okay, then.
As you read the scroll labelled PANNAQ PAORRIA, it crumbles to dust.
It was a scroll of blinking.
As you read the scroll labelled JOOHIF SICEOFF, it crumbles to dust.
A profound silence engulfs you.
It was a scroll of silence.
Magic scrolls do not work when you're silenced!
Done exploring.
Your hearing returns.
As you read the scroll labelled METABR ECALOUT, it crumbles to dust.
It is a scroll of identify.
e - 2 potions of attraction You climb downwards.
Terence shouts!
You hear a shout! x2
Found a black potion.
There is a stone staircase leading up here.
You hit Terence but do no damage.
Terence hits you with a +0 hand axe of electrocution.
You hit Terence but do no damage. Terence misses you.
You hit Terence.
Terence is moderately wounded.
A goblin comes into view. It is wielding a +0 club.
Terence closely misses you.
The goblin shouts!
You hit Terence but do no damage.
Terence is moderately wounded.
You hear a shout!
You hear an angry hiss.
Terence hits you with a +0 hand axe of electrocution.
You are electrocuted!
Ouch! That really hurt!
You hear a shout!
Terence attacks as you move away! Terence barely misses you.
Terence says, "How do you enjoy it?"
There is a stone staircase leading up here.
Terence hits you with a +0 hand axe of electrocution.
* * * LOW HITPOINT WARNING * * *
You are electrocuted!
You die...
Kikubaaqudgha rasps: "You have failed me!
Welcome... death!"

.....
#.#.##
#....
#g.!#
##...
##...
#...#
#@#
#@#
###


You could see Terence and a goblin.

Vanquished Creatures
  An adder (D:2)
  A worm (D:2)
  3 dart slugs
  6 ball pythons
  2 giant cockroaches
  5 goblins
  4 hobgoblins
  2 quokkas
  3 bats (D:1)
  4 kobolds
  2 rats
33 creatures vanquished.

Vanquished Creatures (others)
  A goblin (D:2)
1 creature vanquished.

Grand Total: 34 creatures vanquished

Notes
Turn   | Place    | Note
-------+----------+-------------------------------------------
     0 | D:1      | innerfire43 the Demonspawn Monk began the quest for the
                  | Orb.
     0 | D:1      | Reached XP level 1. HP: 18/18 MP: 1/1
   163 | D:1      | Gained mutation: You are partially covered in rugged brown
                  | scales. (AC +1, +3% HP) [demonic ancestry]
   163 | D:1      | Reached XP level 2. HP: 6/24 MP: 2/2
   910 | D:2      | Found Zaqatat's Magic Scroll Shop.
   975 | D:2      | Reached XP level 3. HP: 12/29 MP: 3/3
   981 | D:2      | Found a faded altar of an unknown god.
  1127 | D:2      | Prayed at the altar of an unknown god.
  1127 | D:2      | Became a worshipper of Kikubaaqudgha
  1127 | D:2      | Reached * piety under Kikubaaqudgha
  1127 | D:2      | Received a gift from Kikubaaqudgha
  1127 | D:2      | Reached ** piety under Kikubaaqudgha
  1519 | D:3      | Noticed Terence
  1526 | D:3      | Mangled by Terence

Illustrated notes

Levels and vault maps discovered:
D:1:      wheals_arrival_shading, layout_basic, grunt_decor_resistance
D:2:      layout_rooms, basic_ecumenical_altar, serial_shops,
          nicolae_shop_rolled_up
D:3:      layout_basic, guppyfry_early_lair_pool, uniq_natasha, uniq_terence,
          uniq_sigmund, uniq_crazy_yiuf_cottage, uniq_robin

Skill      XL: |  1  2 |
---------------+-------+-----
Axes           | 3 |  3.5
Dodging        | 3 |  3.1
Fighting       | |  3.4

Action                     || total
---------------------------++-------
  Melee: Hand axe          ||   101
    Use: Scroll            ||     3
 Armour: Robe              ||    27
  Dodge: Dodged            ||    74

Table legend: (Time is in decaauts)
 A = Elapsed time spent in this place.
 B = Non-inter-level travel time spent in this place.
 C = Inter-level travel time spent in this place.
 D = Time resting spent in this place.
 E = Time spent auto-exploring this place.
 F = Levels seen in this place.
 G = Mean time per level.
                   A        B        C        D        E       F      G
               +--------+--------+--------+--------+--------+-----+--------+
         Total |   1539 |   1469 |     70 |      0 |   1155 |   3 |  513.0 |
       Dungeon |   1539 |   1469 |     70 |      0 |   1155 |   3 |  513.0 |
               +--------+--------+--------+--------+--------+-----+--------+

Top non-repeatable levels by time:
     D:1: 848 daAuts
     D:2: 683 daAuts
     D:3: 7 daAuts
